AoeStats
← Hector

Black Forest

505258837Analyzed
2v2 RM · 24d ago on Sep 8, 2026· 21m 10s· 4 players
Game mode
Random Map
Map size
Medium (4 player)
Population
200
Speed
Normal
Resources
Standard
Victory
Conquest
Starting age
Dark Age
Ending age
Imperial Age
RankedLock teamsTeams togetherTeam positionsShared explorationLock speedFull tech treeHidden civsTurbo modeCheats
Victory
Defeat
🇦🇹 Wu · Austria
1560
+11
🇦🇹 Saracens · Austria
1448
+15
🇧🇷 Vikings · Brazil
1464
-14
🇧🇷 Khmer · Brazil
1418
-12
DeadlyEfficiency
0:36 Loom
11:32 Feudal Age
17:03 Castle Age
16:12 Double-Bit Axe
16:47 Gold Mining
18:19 Fletching
20:29 Bow Saw
Hector
1:01 Loom
10:56 Feudal Age
14:33 Castle Age
12:53 Double-Bit Axe
12:49 Horse Collar
15:49 Bow Saw
15:39 Heavy Plow
22:01 Wheelbarrow
[Massa] Edo
7:01 Loom
9:16 Feudal Age
10:19 Man-at-Arms
11:59 Double-Bit Axe
14:00 Horse Collar
19:47 Castle Age
20:55 Fletching
tg
11:05 Feudal Age
14:26 Castle Age
12:28 Horse Collar
12:35 Double-Bit Axe
12:42 Stone Mining
13:59 Gold Mining
15:20 Heavy Plow
16:06 Bow Saw
Connection lost

Rejoining the realm…

Still unreachable

The connection could not be restored.

Session expired

The server has moved on; the page needs a fresh start.